 Dungeon Crawl Stone Soup version 0.18.1-48-g4cf74bf (webtiles) character file.

76 RepoMan the Ducker (level 4, -3/33 HPs)
             Began as a Demonspawn Wanderer on Aug 5, 2016.
             Killed from afar by an orc wizard (11 damage)
             ... with a magic dart
             ... on level 3 of the Dungeon.
             The game lasted 00:20:46 (2133 turns).

RepoMan the Ducker (Demonspawn Wanderer)            Turns: 2133, Time: 00:20:46

Health: -3/33      AC:  6    Str: 15    XL:     4   Next: 12%
Magic:  4/4        EV: 19    Int: 11    God:
Gold:   136        SH:  0    Dex: 18    Spells: 0 memorised, 3 levels left

rFire  . . .     SeeInvis .     q - -3 arbalest (curse)
rCold  . . .     Gourm    .     a - +3 leather armour
rNeg   . . .     Faith    .     (shield currently unavailable)
rPois  .         Spirit   .     (helmet restricted)
rElec  .         Dismiss  .     (no cloak)
rCorr  .         Reflect  .     (no gloves)
SustAt .         Harm     .     (no boots)
MR     .....                    (no amulet)
Stlth  +++++.....               (no ring)
                                (no ring)

@: agile, not resistant to hostile enchantments, quite stealthy
A: antennae 1, nightstalker 2
a: no special abilities


You were on level 3 of the Dungeon.
You were not hungry.

You visited 1 branch of the dungeon, and saw 3 of its levels.

You collected 136 gold pieces.

Inventory:

Hand Weapons
 b - a +0 quarterstaff
 m - a +0 dagger
 q - a cursed -3 arbalest (weapon)
Armour
 a - a +3 leather armour (worn)
Scrolls
 h - 2 scrolls of identify
 i - a scroll of enchant armour
Potions
 f - a potion of agility
 g - a potion of brilliance {unknown}
 k - a potion of degeneration {unknown}
Comestibles
 d - 3 bread rations


   Skills:
 + Level 2.2 Fighting
 * Level 1.4 Short Blades
   Level 1.7 Bows
 - Level 1.0 Armour
 + Level 3.5 Dodging
 + Level 0.6 Stealth
   Level 1.0 Shields
 - Level 1.0 Unarmed Combat
   Level 1.0 Evocations


You had 3 spell levels left.
You didn't know any spells.

Dungeon Overview and Level Annotations

Branches:
Dungeon (3/15)

Altars:
Pakellas
Sif Muna
The Shining One


Innate Abilities, Weirdness & Mutations

You have a pair of small antennae on your head.
You are significantly more attuned to the shadows.


Message History

You kill the kobold!
The orc wizard hits you with a dagger.
Really attack while wielding your cursed -3 arbalest?
You completely miss the orc wizard.
The orc wizard is heavily wounded.
The orc wizard hits you but does no damage.
The orc wizard hits you with a dagger.
The orc wizard gestures wildly while chanting.
The orc wizard flickers and vanishes!
Something hits you. Something hits you.
* * * LOW HITPOINT WARNING * * *
The orc wizard casts a spell at you.
Drink which item? (? for menu, Esc to quit)
It was a potion of agility.
You feel agile all of a sudden. Something closely misses you.
A magic dart appears from out of thin air!
The magic dart hits you!
You die...

§... ......## # §.oo
......≈.#.# .?..
#.....≈8.#.# ......#
#......§>..##
...o...#
.............
....................#
.......$.........o{.#
..§≈..........≈§@.#.#
.(.≈...$......≈..##†#
##...........(...(..#
##.(...≈........####
##...≈8≈......##
#(...(......##
#############


You could see an orc wizard.

Vanquished Creatures
  2 adders (D:2)
  An ooze (D:1)
  A worm (D:2)
  A dart slug (D:2)
  2 giant geckos
  An orc (D:3)
  A ball python (D:2)
  6 bats
  4 giant cockroaches
  A goblin (D:1)
  4 hobgoblins
  6 jackals
  A quokka (D:2)
  3 giant newts (D:1)
  4 kobolds
  5 rats (D:1)
43 creatures vanquished.

Notes
Turn   | Place    | Note
--------------------------------------------------------------
     0 | D:1      | RepoMan the Demonspawn Wanderer began the quest for the Orb.
     0 | D:1      | RepoMan set off with: a +2 leather armour, a +0 quarterstaff, a potion of curing, a bread ration
     0 | D:1      | Reached XP level 1. HP: 15/15 MP: 1/1
    81 | D:1      | Reached skill level 3 in Dodging
    90 | D:1      | Gained mutation: You have a pair of small antennae on your head. [demonic ancestry]
    90 | D:1      | Reached XP level 2. HP: 13/21 MP: 2/2
   856 | D:1      | Gained mutation: You are slightly more attuned to the shadows. [demonic ancestry]
   856 | D:1      | Reached XP level 3. HP: 20/27 MP: 3/3
  1215 | D:2      | Found a glowing golden altar of the Shining One.
  1470 | D:2      | Reached skill level 1 in Short Blades
  1818 | D:2      | Gained mutation: You are significantly more attuned to the shadows. [demonic ancestry]
  1818 | D:2      | Reached XP level 4. HP: 33/33 MP: 4/4
  2050 | D:3      | Found a deep blue altar of Sif Muna.
  2050 | D:3      | Found an oddly glowing altar of Pakellas.
  2133 | D:3      | Killed from afar by an orc wizard

Skill      XL: |  1  2  3 |
---------------+----------+-----
Dodging        | 3 |  3.5
Fighting       | 2 |  2.2
Short Blades   | 1 |  1.4
Bows           | |  1.7
Armour         | |  1.0
Stealth        | |  0.6
Shields        | |  1.0
Unarmed Combat | |  1.0
Evocations     | |  1.0

Action                   |  1- 3 |  4- 6 || total
-------------------------+-------+-------++-------
Melee: Quarterstaff      |    93 |       ||    93
       Dagger            |    97 |       ||    97
       Punch             |     1 |       ||     1
       Arbalest          |       |    12 ||    12
 Fire: Arbalest          |     9 |    23 ||    32
  Use: Potion            |     1 |     4 ||     5
       Scroll            |       |     7 ||     7
 Stab: Sleeping          |     4 |       ||     4
  Eat: Chunk             |     2 |       ||     2
       Royal jelly       |       |     1 ||     1
Armor: Leather armour    |    62 |    16 ||    78
       Skin              |       |    28 ||    28
Dodge: Dodged            |   136 |    38 ||   174
